 Dungeon Crawl Stone Soup version 0.19-a0-1834-g6b7851e (webtiles) character file.

18 GameOver the Caller (level 2, -2/22 HPs)
             Began as a Naga Summoner on Oct 9, 2016.
             Slain by an adder (4 damage)
             ... on level 2 of the Dungeon.
             The game lasted 00:02:27 (491 turns).

GameOver the Caller (Naga Summoner)                  Turns: 491, Time: 00:02:28

Health: -2/22      AC:  1    Str: 10    XL:     2   Next: 66%
Magic:  2/5        EV: 10    Int: 15    God:
Gold:   30         SH:  0    Dex: 11    Spells: 1 memorised, 4 levels left

rFire  . . .     SeeInvis +     e - +0 short sword
rCold  . . .     Gourm    .     a - +0 robe
rNeg   . . .     Faith    .     (no shield)
rPois  +         Spirit   .     (no helmet)
rElec  .         Dismiss  .     (no cloak)
rCorr  .         Reflect  .     (no gloves)
MR     .....     Harm     .     (no barding)
Stlth  ++........               (no amulet)
                                (no ring)
                                (no ring)

@: short of breath, very slow
A: see invisible, deformed body, poison resistance, slowness 2, slow metabolism
1, spit poison 1, AC +0
a: Spit Poison


You were on level 2 of the Dungeon.
You were not hungry.

You visited 1 branch of the dungeon, and saw 2 of its levels.

You collected 30 gold pieces.

Inventory:

Hand Weapons
 e - a +0 short sword (weapon)
 h - a +0 hunting sling
Missiles
 d - 67 stones (quivered)
 g - 44 arrows
 j - 14 sling bullets
Armour
 a - a +0 robe (worn)
Scrolls
 m - a scroll of blinking {unknown}
Potions
 f - 2 potions of curing {unknown}
 k - a potion of degeneration {unknown}
 l - a potion of resistance {unknown}
Books
 b - a book of Callings

   Spells                             Type                      Level
   a - Summon Small Mammal            Summoning                    1
   b - Call Imp                       Summoning                    2
   c - Call Canine Familiar           Summoning                    3
   d - Summon Guardian Golem          Hexes/Summoning              3
   e - Summon Lightning Spire         Summoning/Air                4
   f - Summon Ice Beast               Ice/Summoning                4
Comestibles
 c - 2 bread rations
 i - a chunk of flesh


   Skills:
 - Level 1.5 Dodging
 - Level 3.0 Stealth
 - Level 2.0 Spellcasting
 + Level 4.7 Summonings


You had 4 spell levels left.
You knew the following spells:

 Your Spells              Type           Power        Failure   Level  Hunger
a - Summon Small Mammal   Summ           ###.         3%          1    #......


Dungeon Overview and Level Annotations

Branches:
Dungeon (2/15)

Altars:


Innate Abilities, Weirdness & Mutations

You cannot wear boots.
Your serpentine skin is tough. (AC +0)
You have supernaturally acute eyesight. (SInv)
Armour fits poorly on your strangely shaped body.
Your system is resistant to poisons. (rPois)
You cover ground very slowly.
You have a slow metabolism.
You can spit poison.


Message History

Casting: Summon Small Mammal
Confirm with . or Enter, or press ? or * to list all spells.
The adder bites you. The kobold hits you.
Your rat bites the kobold but does no damage.
Casting: Summon Small Mammal
Confirm with . or Enter, or press ? or * to list all spells.
The adder bites you.
* * * LOW HITPOINT WARNING * * *
The kobold closely misses you. The adder barely misses you.
Your rat bites the kobold.
Your rat misses the kobold.
Unknown command.
Wield which item (- for none, * to show all)? (? for menu, Esc to quit)
e - a +0 short sword (weapon)
Okay, then.
You miss the adder. The adder bites you.
* * * LOW HITPOINT WARNING * * *
Your quokka barely misses the adder.
The kobold misses your rat.
Your rat bites the kobold but does no damage. x2
The adder bites you.
You die...

#.....
#.... #....
##....
######(...#
......#.#r#
......rK.#
#..#.#@#
#.#..S##
#.##r##
#<...#
#..### #..#
#..# #.<#
#..#


You could see an adder, a kobold, a friendly quokka and 2 friendly rats.

Vanquished Creatures
  A dart slug (D:1)
  4 goblins (D:1)
  A hobgoblin (D:1)
  2 kobolds (D:1)
  2 bats (D:1)
  2 frilled lizards (D:1)
  2 rats (D:1)
14 creatures vanquished.

Vanquished Creatures (collateral kills)
  A goblin (D:1)
  A ball python (D:1)
  A bat (D:1)
  2 kobolds (D:1)
5 creatures vanquished.

Grand Total: 19 creatures vanquished

Notes
Turn   | Place    | Note
-------+----------+-------------------------------------------
     0 | D:1      | GameOver the Naga Summoner began the quest for the Orb.
     0 | D:1      | Reached XP level 1. HP: 15/15 MP: 3/3
   105 | D:1      | Reached XP level 2. HP: 12/22 MP: 5/5
   491 | D:2      | Slain by an adder

Vault maps used:
D:1:      lightli_arrival_flooded_house
D:2:      first_bread

Action                   || total
-------------------------++-------
Melee: Unarmed           ||     4
       Short sword       ||     3
 Fire: Hunting sling     ||    17
 Cast: Summon Small Mamm ||    13
 Abil: Spit Poison       ||    17
Armor: Robe              ||     3
Dodge: Dodged            ||    19
